 Seeded DCSS version 0.29.1-12-g30fa7ad0bf (webtiles) character file.

Game seed: 18334199546629406935 (custom seed)

32 mathmaestro the Grave Robber (level 3, -8/26 HPs)
             Began as a Demonspawn Necromancer on Dec 16, 2022.
             Mangled by a gnoll
             ... wielding a +4 flail of protection
              (13 damage)
             ... on level 2 of the Dungeon.
             The game lasted 00:03:12 (1295 turns).

mathmaestro the Grave Robber (DsNe)                 Turns: 1295, Time: 00:03:12

Health: -8/26      AC:  4    Str: 14    XL:     3   Next: 8%
Magic:  2/6        EV: 12    Int: 18    God:
Gold:   23         SH:  0    Dex: 13    Spells: 2/6 levels left

rFire   . . .      SeeInvis .   i - +4 whip
rCold   . . .      Faith    .   (no shield)
rNeg    . . .      Spirit   .   a - +0 robe
rPois   .          Reflect  .   (no helmet)
rElec   .          Harm     .   (no cloak)
rCorr   .          Rampage  .   k - +0 pair of gloves
Will    .....                   (no boots)
Stlth   ++........              (no amulet)
HPRegen 0.08/turn               g - +6 ring of strength
MPRegen 0.10/turn               (no ring)

@: no status effects
A: rugged brown scales 1
a: no special abilities


You were on level 2 of the Dungeon.
You visited 1 branch of the dungeon, and saw 2 of its levels.

You collected 23 gold pieces.

Inventory:

Hand Weapons
 i - a +4 whip (weapon)
Armour
 a - a +0 robe (worn)
 k - a +0 pair of gloves (worn)
Jewellery
 g - a +6 ring of strength (left hand)
Scrolls
 d - 2 scrolls of identify {unknown}
 f - a scroll of immolation {unknown}
 j - 2 scrolls of teleportation {unknown}
 l - a scroll of poison {unknown}
Potions
 b - a potion of magic
 c - a potion of curing {unknown}
 e - 2 potions of attraction {unknown}
 h - a potion of might {unknown}
 m - a potion of flight {unknown}


   Skills:
 + Level 1.0 Fighting
 + Level 0.9 Armour
 - Level 2.0 Dodging
 - Level 2.0 Stealth
 + Level 2.3 Spellcasting
 + Level 4.6 Necromancy


You had 2 spell levels left.
You knew the following spells:

 Your Spells              Type           Power      Damage    Failure   Level
a - Necrotise             Necr           72%        1d7       2%          1
b - Vampiric Draining     Necr           18%        2d7       8%          3

Your spell library contained the following spells:

 Spells                   Type           Power      Damage    Failure   Level
 Slow                     Hex            8%         N/A       19%         1
 Animate Dead             Necr           18%        N/A       26%         4
 Confusing Touch          Hex            2%         N/A       47%         3
 Agony                    Necr           18%        N/A       58%         5


Dungeon Overview and Level Annotations

Branches:
Dungeon (2/15)

Altars:


Innate Abilities, Weirdness & Mutations

You are partially covered in rugged brown scales. (AC +1, +3% HP)


Message History

A gnoll comes into view.
It is wielding a +4 flail of protection.
A gnoll is nearby!
A gnoll is nearby!
You swap places.
Your rat skeleton crumbles into dust!
Casting: Necrotise (safe; 2% risk of failure)
Confirm with . or Enter, or press ? or * to list all spells.
Aiming: Necrotise (safe; 2% risk of failure)
Press: ? - help, Shift-Dir - straight line, f - gnoll
Aim: a gnoll, wielding a +4 flail of protection (chance to affect: 83%)
The gnoll writhes in agony.
Casting: Necrotise (safe; 2% risk of failure)
Confirm with . or Enter, or press ? or * to list all spells.
Aiming: Necrotise (safe; 2% risk of failure)
Press: ? - help, Shift-Dir - straight line, f/p - gnoll
Aim: a gnoll, wielding a +4 flail of protection (lightly wounded, chance to affect: 83%)
The gnoll barely resists.
Casting: Necrotise (safe; 2% risk of failure)
Confirm with . or Enter, or press ? or * to list all spells.
Aiming: Necrotise (safe; 2% risk of failure)
Press: ? - help, Shift-Dir - straight line, f/p - gnoll
Aim: a gnoll, wielding a +4 flail of protection (lightly wounded, chance to affect: 83%)
The gnoll barely resists.
A gnoll comes into view. It is wielding a +0 flail.
The gnoll shouts!
You hear a shout! x2
A gnoll comes into view. It is wielding a +0 spear.
The gnoll attacks as you move away!
The gnoll hits you with a +4 flail of protection!
The gnoll barely misses you. The gnoll attacks as you move away!
The gnoll barely misses you.
A gnoll comes into view. It is wielding a +0 halberd.
The gnoll attacks as you move away! The gnoll closely misses you.
The gnoll attacks as you move away! The gnoll barely misses you.
The gnoll misses you.
The gnoll hits you from afar with a +0 halberd!
* * * LOW HITPOINT WARNING * * *
The gnoll attacks as you move away!
The gnoll hits you with a +4 flail of protection!
Ouch! That really hurt!
You die...

#####.#.'....# # ..
#.....#.#....#.# ...
#.....#.####.#.#....
#.....#.###...g'....
#.)...#.##...#'#....
#.....#....#.†....<.
#...g.#..###)...####
##+#g.g..# #....#
#.#@##.## #....#
#>..##.# ##...#
#.####.# #### #.#
#.# #.####.#
#...##.# ###..#.#
##...# ##..###


You could see 3 gnolls.

Vanquished Creatures
  4 endoplasms
  A giant cockroach (D:1)
  3 hobgoblins
  2 quokkas
  5 ball pythons
  4 bats
  4 kobolds
  6 rats
29 creatures vanquished.

Vanquished Creatures (collateral kills)
  A rat (D:2)
1 creature vanquished.

Grand Total: 30 creatures vanquished

Notes
Turn   | Place    | Note
-------+----------+-------------------------------------------
     0 | D:1      | mathmaestro the Demonspawn Necromancer began the quest for
                  | the Orb.
     0 | D:1      | Reached XP level 1. HP: 13/13 MP: 3/3
   332 | D:1      | Gained mutation: You are partially covered in rugged brown
                  | scales. (AC +1, +3% HP) [demonic ancestry]
   332 | D:1      | Reached XP level 2. HP: 14/20 MP: 1/5
  1139 | D:2      | Reached skill level 1 in Fighting
  1236 | D:2      | Reached XP level 3. HP: 26/26 MP: 4/6
  1244 | D:2      | Learned a level 3 spell: Vampiric Draining
  1295 | D:2      | Mangled by a gnoll

Illustrated notes

Levels and vault maps discovered:
D:1:      shiori_shiawase, layout_loops_ring, st_stairs_7
D:2:      layout_basic, minmay_large_rounded_square

Skill      XL: |  1  2 |
---------------+-------+-----
Stealth        | 2 |  2.0
Dodging        | 2 |  2.0
Fighting       | 1 |  1.0
Armour         | |  0.9
Spellcasting   | |  2.3
Necromancy     | |  4.6

Action                   || total
-------------------------++-------
Melee: Whip              ||    19
 Cast: Necrotise         ||    47
 Stab: Sleeping          ||     1
Armor: Robe              ||    12
Dodge: Dodged            ||    38
